 Dungeon Crawl Stone Soup version 0.18.1-50-g88ac8fd (webtiles) character file.

212 KarmaPolice the Shield-Bearer (level 5, -1/50 HPs)
             Began as a Deep Dwarf Fighter on Sept 20, 2016.
             Killed from afar by an orc wizard (9 damage)
             ... with a magic dart
             ... on level 2 of the Dungeon.
             The game lasted 00:13:03 (2217 turns).

KarmaPolice the Shield-Bearer (Deep Dwarf Fighter)  Turns: 2217, Time: 00:13:03

Health: -1/50      AC:  7    Str: 20    XL:     5   Next: 58%
Magic:  7/7        EV:  7    Int:  9    God:
Gold:   115        SH:  9    Dex: 12    Spells: 0 memorised, 4 levels left

rFire  . . .     SeeInvis .     a - +0 war axe
rCold  . . .     Gourm    .     b - +0 scale mail
rNeg   . . .     Faith    .     c - +0 shield
rPois  .         Spirit   .     t - +1 hat
rElec  .         Dismiss  .     (no cloak)
rCorr  .         Reflect  .     (no gloves)
SustAt .         Harm     .     (no boots)
MR     .....                    (no amulet)
Stlth  ..........               (no ring)
                                (no ring)

@: non-regenerating, drained, not resistant to hostile enchantments, extremely
unstealthy
A: damage resistance, recharge devices, sense surroundings 1, slow regeneration
3
a: Device Recharging


You were on level 2 of the Dungeon.
You were not hungry.

You visited 1 branch of the dungeon, and saw 3 of its levels.

You collected 115 gold pieces.

Inventory:

Hand Weapons
 a - a +0 war axe (weapon)
Armour
 b - a +0 scale mail (worn)
 c - a +0 shield (worn)
 t - a +1 hat (worn)
Jewellery
 q - a cursed -3 ring of intelligence {unknown}
Wands
 e - a wand of heal wounds (1/9)
Scrolls
 h - 5 scrolls of identify {unknown}
 i - 3 scrolls of remove curse {unknown}
 m - a scroll of noise {unknown}
 o - a scroll of enchant armour {unknown}
 p - 2 scrolls of teleportation {unknown}
 s - 3 scrolls of immolation {unknown}
 u - a scroll of magic mapping {unknown}
 v - a scroll of fog {unknown}
 y - a scroll of enchant weapon {unknown}
Potions
 d - a potion of might
 j - a potion of curing {unknown}
 l - a potion of degeneration {unknown}
 n - 2 potions of resistance {unknown}
 w - a potion of cure mutation {unknown}
Comestibles
 f - a bread ration
 g - 3 chunks of flesh
 k - a beef jerky
 r - a royal jelly
 x - a meat ration


   Skills:
 + Level 3.6(2.9) Fighting
 + Level 3.8(3.1) Axes
 - Level 3.2(2.5) Armour
 + Level 4.5(3.8) Shields
 + Level 3.0(2.3) Evocations


You had 4 spell levels left.
You didn't know any spells.

Dungeon Overview and Level Annotations

Branches:
Dungeon (3/15)

Altars:


Innate Abilities, Weirdness & Mutations

You are resistant to damage.
You can recharge devices by infusing magical energy.
You passively map a small area around you.
You do not regenerate naturally.


Message History

Things that are here:
a club; a leather armour The bat hits you but does no damage.
There is a stone staircase leading up, spattered with blood here.
The bat closely misses you. Something hits you.
* * * LOW HITPOINT WARNING * * *
You feel drained. The bat hits you but does no damage.
You hear some strange, mumbled words.
A magic dart appears from out of thin air!
The magic dart hits you! You block something's attack.
You climb upwards.
There is a stone staircase leading down here.
Something hits you.
You feel drained.
You see here a trident.
You block something's attack. Something hits you but does no damage.
You feel drained.
A magic dart appears from out of thin air!
The magic dart hits you!
You die...

.## #...# #.....####
..####...###........#
#.........#########.###
#####.....### ##.....#
#.......####..#####
#............##
####.....###############
#####.....................#
#....)##.......@......)[..#
##.######....####.....)>...#
...# ###### #..........#
#### #.......[..#
#..........# ############


There were no monsters in sight!

Vanquished Creatures
  An orc priest (D:3)
  2 orc wizards
  An adder (D:2)
  An ooze (D:2)
  5 worms
  5 dart slugs
  A giant gecko (D:1)
  8 orcs
  9 bats
  6 giant cockroaches
  9 hobgoblins
  7 jackals
  A quokka (D:3)
  A ball python (D:3)
  3 giant newts
  9 goblins
  3 kobolds
  8 rats
80 creatures vanquished.

Notes
Turn   | Place    | Note
--------------------------------------------------------------
     0 | D:1      | KarmaPolice the Deep Dwarf Fighter began the quest for the Orb.
     0 | D:1      | Reached XP level 1. HP: 20/20 MP: 1/1
    77 | D:1      | Reached XP level 2. HP: 20/27 MP: 2/2
   187 | D:1      | Reached skill level 1 in Evocations
   257 | D:1      | Reached XP level 3. HP: 17/34 MP: 4/4
   645 | D:2      | Reached XP level 4. HP: 11/42 MP: 5/5
   777 | D:2      | Reached skill level 4 in Shields
  1483 | D:3      | HP: 1/42 [worm (7)]
  1802 | D:2      | Reached XP level 5. HP: 21/49 MP: 6/6
  2217 | D:2      | Killed from afar by an orc wizard

Skill      XL: |  1  2  3  4  5 |
---------------+----------------+-----
Evocations     | 1 2 3 |  3.0
Fighting       | 3 |  3.6
Shields        | 4 |  4.5
Axes           | 3 |  3.8
Armour         | |  3.2

Action                   |  1- 3 |  4- 6 || total
-------------------------+-------+-------++-------
Melee: War axe           |   112 |   151 ||   263
Evoke: Wand              |       |     4 ||     4
  Eat: Chunk             |       |     5 ||     5
Armor: Scale mail        |    73 |    86 ||   159
Dodge: Dodged            |    50 |    42 ||    92
Block: Shield            |    83 |    95 ||   178
